 Dungeon Crawl Stone Soup version 0.31-a0-152-g6aa68a64a1 (webtiles) character file.

Game seed: 10717313730347083684

57446 qw the Marksminotaur (level 14, -8/135 HPs)
             Began as a Minotaur Hunter on June 10, 2023.
             Was a High Priest of Okawaru.
             Mangled by a komodo dragon (26 damage)
             ... on level 5 of the Lair of Beasts.
             The game lasted 00:06:49 (14399 turns).

qw the Marksminotaur (Minotaur Hunter)             Turns: 14399, Time: 00:06:49

Health: -8/135     AC:  9    Str: 18    XL:     14   Next: 45%
Magic:  15/20      EV: 32    Int:  9    God:    Okawaru [*****.]
Gold:   745        SH:  5    Dex: 23    Spells: 13/13 levels left

rFire   + . .        n - +3 longbow of Arbitration {drain, rC+ Int+3}
rCold   + + .        (shield currently unavailable)
rNeg    + . .        g - +2 robe {Will+}
rPois   .            p - +2 hat
rElec   .            s - scarf of Coblodgh {rC+ rF+, rN+ SInv}
rCorr   .            (no gloves)
SInv    +            u - +1 pair of boots {Fly}
Will    ++...        m - amulet of reflection
Stlth   ++++         r - +5 ring of evasion
HPRegen 0.42/turn    a - +6 ring of dexterity
MPRegen 0.17/turn

%: reflection
@: about to teleport, heroic, finesse-ful, flying
A: horns 2, retaliatory headbutt
a: Renounce Religion, Heroism, Finesse, Duel


You were on level 5 of the Lair of Beasts.
You worshipped Okawaru.
Okawaru was extremely pleased with you.
You visited 2 branches of the dungeon, and saw 18 of its levels.
You also visited: Gauntlet.

You collected 2942 gold pieces.
You spent 2197 gold pieces at shops.


Innate Abilities, Weirdness & Mutations

You have a pair of horns on your head.
You reflexively headbutt those who attack you in melee.


   Skills:
 - Level 15.0(20.0) Fighting
 + Level 18.8(23.8) Ranged Weapons
 - Level 3.0(8.0) Armour
 - Level 12.0(17.0) Dodging
 - Level 0.7(5.7) Stealth
 - Level 10.0 Invocations


You had 13 spell levels left.
You didn't know any spells.
Your spell library was empty.

Inventory:

Hand Weapons
 b - the +5 longbow "Omithrad" {heavy, Fragile Fly rC+}
   (Okawaru gifted it to you on level 10 of the Dungeon)

   rC:        It protects you from cold.
   Fly:       It grants you flight.
   Fragile:   It will be destroyed if unequipped.
 n - the +3 longbow of Arbitration (weapon) {drain, rC+ Int+3}
   (Okawaru gifted it to you on level 5 of the Lair of Beasts)

   Int:       It affects your intelligence (+3).
   rC:        It protects you from cold.
 Y - a +4 arbalest of flaming
Armour
 e - a +1 leather armour of fire resistance
 g - a +2 robe of willpower (worn)
 p - a +2 hat (worn)
 q - +0 steam dragon scales
 s - the scarf of Coblodgh (worn) {rC+ rF+, rN+ SInv}
   (Okawaru gifted it to you in a Gauntlet)

   rN:        It protects you from negative energy.
   SInv:      It lets you see invisible.
 u - a +1 pair of boots of flying (worn)
Jewellery
 a - a +6 ring of dexterity (right hand)
 l - a ring of protection from fire
 m - an amulet of reflection (around neck)
 r - a +5 ring of evasion (left hand)
Wands
 i - a wand of digging (11)
Scrolls
 c - 2 scrolls of teleportation
 f - 10 scrolls of identify
Potions
 d - 5 potions of mutation
 h - 2 potions of magic
 j - 2 potions of haste
 k - 5 potions of might
 o - 3 potions of heal wounds
 t - 4 potions of curing

Dungeon Overview and Level Annotations

Branches:
Dungeon (13/15)            Temple (0/1) D:4            Lair (5/5) D:11
  Swamp (0/4) Lair:2        Snake (0/4) Lair:3      Gauntlet (visited)
  Slime: Lair:4-5       Orc: D:9-12      Vaults: D:13-14

Altars:
Ashenzari
Cheibriados
Dithmenos
Elyvilon
Fedhas
Gozag
Hepliaklqana
Kikubaaqudgha
Makhleb
Nemelex Xobeh
Okawaru
Qazlal
Ru
Sif Muna
Trog
Uskayaw
Vehumet
Wu Jian
Xom
Yredelemnul
Zin
The Shining One

Shops:
D:4 =   D:7 !   D:9 (

Annotations:
D:3 1 runed translucent door, Crazy Yiuf
Lair:3 2 runed translucent doors, qw's ghost, journeyman MiHu


Message History

The yak gores you!
14397 ||| READING 3 scrolls of teleportation.
As you read the scroll of teleportation, it crumbles to dust.
You feel strangely unstable.
The wyvern bites you but does no damage.
The water moccasin misses you. The goliath frog closely misses you.
You block the wyvern's attack. The yak gores you!
A yak comes into view.
The water moccasin barely misses you.
14398 ||| DRINKING 5 potions of heal wounds.
You feel much better. The goliath frog hits you from afar.
You are splashed with acid!
The cane toad misses you. The blink frog completely misses you.
The wyvern completely misses you. You furiously retaliate!
You headbutt the wyvern!
A cane toad comes into view.
A four-headed hydra comes into view.
The water moccasin misses you. The yak gores you.
The skyshark hisses menacingly.
The five-headed hydra bites you but does no damage.
You block the five-headed hydra's attack.
The five-headed hydra barely misses you.
The five-headed hydra bites you. The five-headed hydra misses you.
The komodo dragon barely misses you. The cane toad completely misses you.
The goliath frog closely misses you. The blink frog closely misses you.
You furiously retaliate!
You headbutt the blink frog!
14399 ||| DRINKING 4 potions of heal wounds.
You feel much better. The wyvern completely misses you.
The water moccasin bites you. The wyvern misses you.
A water moccasin comes into view.
The blink frog completely misses you. The cane toad completely misses you.
You furiously retaliate!
You headbutt the cane toad. The goliath frog misses you.
A yak comes into view.
The five-headed hydra bites you!
The five-headed hydra completely misses you.
The five-headed hydra closely misses you.
The five-headed hydra misses you. The five-headed hydra bites you!
The komodo dragon bites you!!
You die...

....................#
...................##
....:...............#
P.#####...##.#.....##
.##############.....#
####D#P#.######..%...## ##
##...S....#.#.###.....#
..###....Y....SSl.........#
~~~........Y.lFY@lF.......#
~~~~.........YYDFF%.......###
~~~~~...........F..F%.....#.#
~~~~~~.##.#.###)##.#S......##
~P~~~~.###### ######...%.P.#
~~~~~~..## #.#....PP#
P~~~~~...# ####....##
~~~~~~.~.# ##....%##
~~~~~~~.## #.......#


You could see a skyshark, a five-headed hydra, a four-headed hydra (wandering),
a komodo dragon, a goliath frog, 5 yaks, 2 cane toads, 3 blink frogs, 4 water
moccasins and a wyvern.

Vanquished Creatures
  A minotaur (Gauntlet)
  4 hydras
  Harold (D:9)
  A boulder beetle (D:13)
  2 centaur warriors
  2 two-headed ogres
  2 tengu warriors
  2 death scarabs (Gauntlet)
  Urug (Lair:1)
  4 skysharks
  A fire crab (Gauntlet)
  A skeletal warrior (D:13)
  An orc knight (D:10)
  Pikel (D:5)
  A deep elf pyromancer (D:12)
  An ugly thing (D:9)
  2 manticores
  A salamander (Lair:3)
  14 elephants
  A black mamba (Lair:4)
  Joseph (D:10)
  A torpor snail (Lair:2)
  2 kobold demonologists
  A minotaur zombie (Gauntlet)
  16 cane toads
  8 komodo dragons
  2 rime drakes
  A troll (D:12)
  3 polar bears
  22 blink frogs
  6 dream sheep
  A hornet (D:10)
  14 flying skulls (Gauntlet)
  A culicivora (shapeshifter) (D:13)
  Sigmund (D:5)
  3 slime creatures (D:12)
  5 wyverns
  A spectral fire crab (Gauntlet)
  2 shadows
  3 fire bats (Gauntlet)
  2 vampires
  33 yaks
  A wraith (D:12)
  2 steam dragons
  7 basilisks
  8 vampire mosquitoes
  A spectral cane toad (Gauntlet)
  3 acid dragons
  14 water moccasins
  Duvessa (D:6)
  A spectral torpor snail (Gauntlet)
  4 black bears
  5 orc warriors
  An ice beast (D:4)
  15 wolves
  2 phantoms
  An ogre (D:5)
  11 centaurs
  3 kobold brigands
  16 bullfrogs
  A gnoll sergeant (D:8)
  5 scorpions
  17 wights
  Dowan (D:6)
  4 killer bees
  6 electric eels (Lair:2)
  3 lava snakes (Lair:3)
  A bullfrog zombie (D:4)
  A howler monkey (D:13)
  8 hounds
  3 jellies
  5 orc priests
  A gnoll bouda (D:7)
  A sleepcap (D:7)
  3 iguanas
  A scorpion zombie (D:4)
  Ijyb (D:3)
  10 orc wizards
  Natasha (twice) (D:4)
  A hound zombie (D:4)
  Robin (D:3)
  13 adders
  13 gnolls
  A shadow imp (D:5)
  A white imp (D:7)
  2 ufetubi
  An adder zombie (D:4)
  3 worms
  A dart slug (D:1)
  19 orcs
  15 ball pythons
  5 bats
  7 endoplasms
  5 giant cockroaches
  17 goblins
  12 hobgoblins
  7 jackals
  6 quokkas
  5 frilled lizards
  15 kobolds
  4 rats
497 creatures vanquished.

Vanquished Creatures (others)
  A wizard (D:10)
  A shadow (D:10)
2 creatures vanquished.

Grand Total: 499 creatures vanquished

Notes
Turn   | Place    | Note
-------+----------+-------------------------------------------
     0 | D:1      | qw the Minotaur Hunter began the quest for the Orb.
     0 | D:1      | Reached XP level 1. HP: 18/18 MP: 0/0
     0 | D:1      | 0 ||| qw: Version: 0.2-a-122-gbc61b45
     0 | D:1      | 0 ||| qw: Game counter: 3549
     0 | D:1      | 0 ||| qw: Always use a shield: true
     0 | D:1      | 0 ||| qw: God list: Okawaru
     0 | D:1      | 0 ||| qw: Allow faded altars: false
     0 | D:1      | 0 ||| qw: Do Orc after D:15 true
     0 | D:1      | 0 ||| qw: Do second Lair branch before Depths: true
     0 | D:1      | 0 ||| qw: Lair rune preference: random
     0 | D:1      | 0 ||| qw: Plans: Normal
     0 | D:1      | 0 ||| PLANNING D:1-11
    67 | D:1      | Reached XP level 2. HP: 25/25 MP: 1/1
    78 | D:1      | Reached skill level 5 in Ranged Weapons
    82 | D:1      | 82 ||| Stepping ~*~*~tactically~*~*~ (outnumbered).
    84 | D:1      | 84 ||| FLEEEEING.
    95 | D:1      | 95 ||| FLEEEEING.
    96 | D:1      | 96 ||| FLEEEEING.
    97 | D:1      | 97 ||| FLEEEEING.
    98 | D:1      | 98 ||| FLEEEEING.
    99 | D:1      | 99 ||| FLEEEEING.
   100 | D:1      | 100 ||| FLEEEEING.
   101 | D:1      | 101 ||| FLEEEEING.
   102 | D:1      | 102 ||| FLEEEEING.
   103 | D:1      | 103 ||| FLEEEEING.
   105 | D:1      | 105 ||| FLEEEEING.
   106 | D:1      | 106 ||| FLEEEEING.
   107 | D:1      | 107 ||| FLEEEEING.
   149 | D:1      | Reached skill level 3 in Fighting
   328 | D:1      | Reached XP level 3. HP: 31/31 MP: 2/2
   543 | D:1      | 543 ||| UPGRADING to +0 ring mail.
   553 | D:1      | 553 ||| DROPPING +0 leather armour.
   554 | D:1      | 554 ||| UPGRADING to amulet of guardian spirit.
   559 | D:1      | 559 ||| READING 2 scrolls labelled HEAPRU KACKE.
   560 | D:1      | 560 ||| READING 2 scrolls labelled POHOFENIPU.
   561 | D:1      | 561 ||| READING scroll labelled FEYTOS AXUELE.
   562 | D:1      | 562 ||| READING scroll labelled SUSSILOHOI.
   566 | D:1      | 566 ||| DROPPING scroll of blinking.
   567 | D:1      | 567 ||| DROPPING scroll of butterflies.
   614 | D:2      | Reached skill level 1 in Armour
   737 | D:2      | Reached XP level 4. HP: 35/35 MP: 3/3
  1201 | D:2      | Reached skill level 6 in Ranged Weapons
  1573 | D:2      | 1573 ||| UPGRADING to ring of protection from fire.
  1574 | D:2      | 1574 ||| DROPPING ring of flight.
  1778 | D:3      | Found a runed translucent door.
  1779 | D:3      | Noticed Crazy Yiuf
  1812 | D:3      | 1812 ||| FLEEEEING.
  1813 | D:3      | 1813 ||| FLEEEEING.
  1814 | D:3      | 1814 ||| STAIRDANCE
  1829 | D:2      | 1829 ||| READING scroll labelled FOIDYRH FAPO.
  1830 | D:2      | 1830 ||| READING 3 scrolls labelled LIARIE KIUM.
  1830 | D:2      | Identified 3 scrolls of acquirement
  1830 | D:2      | 1830 ||| ACQUIRING +3 arbalest of flaming
  1830 | D:2      | Acquired a +3 arbalest of flaming
  1832 | D:2      | 1832 ||| SWAPPING to +3 arbalest of flaming.
  1833 | D:2      | 1833 ||| DROPPING +0 shortbow of flaming.
  1834 | D:2      | 1834 ||| READING 2 scrolls of acquirement.
  1834 | D:2      | 1834 ||| ACQUIRING 778 gold pieces
  1834 | D:2      | Acquired 778 gold pieces
  1835 | D:2      | 1835 ||| READING scroll of acquirement.
  1835 | D:2      | 1835 ||| ACQUIRING 986 gold pieces
  1835 | D:2      | Acquired 986 gold pieces
  1837 | D:2      | 1837 ||| DRINKING 2 fuming clear potions.
  1838 | D:2      | 1838 ||| READING 2 scrolls of identify.
  1838 | D:2      | 1838 ||| IDENTIFYING green potion
  1839 | D:2      | 1839 ||| DROPPING potion of ambrosia.
  1840 | D:2      | 1840 ||| DROPPING potion of enlightenment.
  1848 | D:3      | Noticed Robin
  1851 | D:3      | Killed Robin
  1852 | D:3      | Reached XP level 5. HP: 44/46 MP: 4/4
  1872 | D:3      | Found a shimmering altar of Xom.
  1999 | D:3      | Found a radiant altar of Vehumet.
  2000 | D:3      | Found a bloodstained altar of Trog.
  2006 | D:3      | Found a sparkling altar of Nemelex Xobeh.
  2007 | D:3      | Found a snail-covered altar of Cheibriados.
  2010 | D:3      | Found an ornate altar of the Wu Jian Council.
  2012 | D:3      | Found a burning altar of Makhleb.
  2012 | D:3      | Found an ancient bone altar of Kikubaaqudgha.
  2016 | D:3      | Found a hide-covered altar of Uskayaw.
  2017 | D:3      | Found an opulent altar of Gozag.
  2018 | D:3      | Noticed Ijyb
  2021 | D:3      | Killed Ijyb
  2353 | D:3      | 2353 ||| UPGRADING to +1 leather armour of fire resistance.
  2363 | D:3      | 2363 ||| DROPPING +0 ring mail.
  2434 | D:4      | Noticed a centaur
  2437 | D:4      | Killed a centaur
  2438 | D:4      | Reached skill level 7 in Ranged Weapons
  2438 | D:4      | Reached XP level 6. HP: 52/52 MP: 5/5
  2566 | D:4      | Noticed Natasha
  2567 | D:4      | Killed Natasha
  2568 | D:4      | Reached skill level 8 in Ranged Weapons
  2617 | D:4      | Found an iron altar of Okawaru.
  2618 | D:4      | 2618 ||| PLANNING OKAWARU WORSHIP
  2618 | D:4      | 2618 ||| READING scroll labelled IHACIGR HUAZA.
  2623 | D:4      | Became a worshipper of Warmaster Okawaru
  2623 | D:4      | 2623 ||| PLANNING D:1-11
  2624 | D:4      | 2624 ||| REMOVING amulet of guardian spirit.
  2716 | D:4      | Found a staircase to the Ecumenical Temple.
  2742 | D:4      | Found Ongiqel's Jewellery Emporium.
  2749 | D:4      | 2749 ||| BUYING +4 ring of protection (432 gold).
  2749 | D:4      | Bought a +4 ring of protection for 432 gold pieces
  2749 | D:4      | 2749 ||| BUYING +4 ring of protection (432 gold).
  2749 | D:4      | Bought a +4 ring of protection for 432 gold pieces
  2749 | D:4      | 2749 ||| BUYING +5 ring of evasion (432 gold).
  2749 | D:4      | Bought a +5 ring of evasion for 432 gold pieces
  2749 | D:4      | 2749 ||| BUYING +5 ring of evasion (432 gold).
  2749 | D:4      | Bought a +5 ring of evasion for 432 gold pieces
  2749 | D:4      | 2749 ||| SHOPLISTING +6 ring of dexterity (432 gold, have
                  | 161).
  2968 | D:4      | Reached XP level 7. HP: 54/61 MP: 6/6
  3005 | D:4      | Found a basalt altar of Yredelemnul.
  3009 | D:4      | Reached skill level 3 in Dodging
  3153 | D:4      | Noticed Natasha
  3156 | D:4      | Killed Natasha
  3424 | D:4      | 3424 ||| DROPPING amulet of guardian spirit.
  3425 | D:4      | 3425 ||| UPGRADING to +4 ring of protection.
  3426 | D:4      | 3426 ||| UPGRADING to +4 ring of protection.
  3428 | D:4      | 3428 ||| UPGRADING to +5 ring of evasion.
  3430 | D:4      | 3430 ||| DROPPING +4 ring of protection.
  3431 | D:4      | 3431 ||| UPGRADING to +5 ring of evasion.
  3433 | D:4      | 3433 ||| DROPPING +4 ring of protection.
  3483 | D:5      | Entered Level 5 of the Dungeon
  3488 | D:5      | 3488 ||| STAIRDANCE
  3495 | D:4      | Reached skill level 9 in Ranged Weapons
  3499 | D:4      | Reached * piety under Okawaru
  3557 | D:5      | Noticed Sigmund
  3558 | D:5      | 3558 ||| INVOKING Heroism.
  3570 | D:5      | 3570 ||| INVOKING Heroism.
  3571 | D:5      | Killed Sigmund
  3572 | D:5      | Reached XP level 8. HP: 48/73 MP: 3/7
  3586 | D:5      | 3586 ||| FLEEEEING.
  3587 | D:5      | 3587 ||| FLEEEEING.
  3589 | D:5      | 3589 ||| STAIRDANCE
  3669 | D:5      | Reached skill level 1 in Invocations
  3670 | D:5      | Noticed Pikel
  3671 | D:5      | 3671 ||| INVOKING Heroism.
  3675 | D:5      | Killed Pikel
  3675 | D:5      | Reached ** piety under Okawaru
  3676 | D:5      | Reached skill level 3 in Invocations
  3800 | D:5      | Reached skill level 10 in Ranged Weapons
  4064 | D:5      | 4064 ||| READING 2 scrolls labelled PEMATZ HEUSUXUO.
  4165 | D:5      | 4165 ||| READING scroll labelled KESENU LARA.
  4166 | D:5      | 4166 ||| READING scroll labelled LIUZIN NIFREL.
  4167 | D:5      | 4167 ||| DROPPING scroll of silence.
  4393 | D:6      | Found a blossoming altar of Fedhas.
  4395 | D:6      | 4395 ||| INVOKING Heroism.
  4476 | D:6      | Reached XP level 9. HP: 79/79 MP: 11/11
  4508 | D:6      | 4508 ||| READING scroll of acquirement.
  4508 | D:6      | 4508 ||| ACQUIRING +2 hat
  4508 | D:6      | Acquired a +2 hat
  4510 | D:6      | 4510 ||| UPGRADING to +2 hat.
  4553 | D:6      | Found a sacrificial altar of Ru.
  4669 | D:6      | 4669 ||| INVOKING Heroism.
  4670 | D:6      | Noticed Dowan
  4670 | D:6      | Noticed Duvessa
  4677 | D:6      | Killed Duvessa
  4678 | D:6      | Reached skill level 11 in Ranged Weapons
  4681 | D:6      | Killed Dowan
  4708 | D:6      | 4708 ||| INVOKING Heroism.
  4795 | D:6      | 4795 ||| UPGRADING to +6 ring of dexterity.
  4797 | D:6      | 4797 ||| DROPPING +5 ring of evasion.
  4798 | D:6      | 4798 ||| READING scroll labelled ZENOGA USHIEW.
  4799 | D:6      | 4799 ||| DRINKING 2 murky yellow potions.
  4800 | D:6      | 4800 ||| DROPPING potion of degeneration.
  4848 | D:7      | Found a glowing silver altar of Zin.
  4946 | D:7      | Found a broken altar of Ashenzari.
  5099 | D:7      | 5099 ||| FLEEEEING.
  5103 | D:7      | Reached skill level 12 in Ranged Weapons
  5103 | D:7      | 5103 ||| INVOKING Heroism.
  5293 | D:7      | Found a white marble altar of Elyvilon.
  5294 | D:7      | Found Acrehow's Distillery.
  5304 | D:7      | 5304 ||| BUYING 2 potions of heal wounds (110 gold).
  5304 | D:7      | Bought 2 potions of heal wounds for 110 gold pieces
  5304 | D:7      | 5304 ||| BUYING potion of might (44 gold).
  5304 | D:7      | Bought a potion of might for 44 gold pieces
  5304 | D:7      | 5304 ||| BUYING potion of mutation (88 gold).
  5304 | D:7      | Bought a potion of mutation for 88 gold pieces
  5304 | D:7      | 5304 ||| SHOPLISTING potion of resistance (110 gold, have
                  | 101).
  5418 | D:7      | 5418 ||| Stepping ~*~*~tactically~*~*~ (outnumbered).
  5612 | D:7      | 5612 ||| UPGRADING to amulet of reflection.
  5617 | D:7      | 5617 ||| READING 3 scrolls of identify.
  5617 | D:7      | 5617 ||| IDENTIFYING fuming red potion
  5618 | D:7      | 5618 ||| READING 2 scrolls of identify.
  5618 | D:7      | 5618 ||| IDENTIFYING smoky dark potion
  5619 | D:7      | 5619 ||| DROPPING potion of brilliance.
  5666 | D:8      | Reached *** piety under Okawaru
  5745 | D:8      | 5745 ||| INVOKING Heroism.
  5751 | D:8      | Reached skill level 6 in Dodging
  5799 | D:8      | Found a shadowy altar of Dithmenos.
  5802 | D:8      | 5802 ||| INVOKING Heroism.
  6071 | D:8      | Found a stormy altar of Qazlal.
  6075 | D:8      | Reached XP level 10. HP: 88/88 MP: 12/12
  6084 | D:8      | 6084 ||| INVOKING Heroism.
  6316 | D:8      | 6316 ||| INVOKING Heroism.
  6319 | D:8      | Reached skill level 13 in Ranged Weapons
  6565 | D:8      | 6565 ||| DROPPING +2 robe of positive energy.
  6566 | D:8      | 6566 ||| READING scroll labelled FIOBAKHL HERODI.
  6567 | D:8      | 6567 ||| READING 3 scrolls of identify.
  6567 | D:8      | 6567 ||| IDENTIFYING orange potion
  6568 | D:8      | 6568 ||| READING 2 scrolls of identify.
  6568 | D:8      | 6568 ||| IDENTIFYING smoky blue potion
  6569 | D:8      | 6569 ||| DROPPING potion of lignification.
  6595 | D:9      | Reached **** piety under Okawaru
  6599 | D:9      | Reached skill level 9 in Fighting
  6634 | D:9      | Noticed Harold
  6635 | D:9      | 6635 ||| INVOKING Heroism.
  6646 | D:9      | Killed Harold
  6799 | D:9      | Noticed a centaur warrior
  6800 | D:9      | 6800 ||| Stepping ~*~*~tactically~*~*~ (outnumbered).
  6802 | D:9      | 6802 ||| INVOKING Heroism.
  6802 | D:9      | Noticed a tengu warrior
  6807 | D:9      | 6807 ||| Stepping ~*~*~tactically~*~*~ (outnumbered).
  6810 | D:9      | Killed a centaur warrior
  6811 | D:9      | Reached skill level 14 in Ranged Weapons
  6820 | D:9      | Killed a tengu warrior
  6820 | D:9      | Reached ***** piety under Okawaru
  6822 | D:9      | 6822 ||| INVOKING Heroism.
  6824 | D:9      | Reached XP level 11. HP: 77/97 MP: 11/14
  6899 | D:9      | Noticed a white ugly thing
  6900 | D:9      | 6900 ||| INVOKING Heroism.
  6903 | D:9      | Killed a white ugly thing
  6904 | D:9      | Reached skill level 6 in Invocations
  6954 | D:9      | Identified the +5 long sword of the Shifting Gods {heavy,
                  | Will++}
  7035 | D:9      | 7035 ||| INVOKING Heroism.
  7071 | D:9      | Found a glowing golden altar of the Shining One.
  7315 | D:9      | Found Ihiok's Antique Weapon Shop.
  7322 | D:9      | 7322 ||| BUYING runed orcbow (227 gold).
  7322 | D:9      | Bought a runed orcbow for 227 gold pieces
  7322 | D:9      | 7322 ||| DROPPING +3 orcbow of draining.
  7538 | D:9      | Found a shimmering blue altar of Sif Muna.
  7896 | D:9      | Found a hazy altar of Hepliaklqana.
  7934 | D:9      | 7934 ||| DROPPING ring of willpower.
  7935 | D:9      | 7935 ||| READING 2 scrolls labelled MAUQU PEQ KAU.
  7936 | D:9      | 7936 ||| DROPPING scroll of vulnerability.
  7955 | D:10     | Entered Level 10 of the Dungeon
  8002 | D:10     | Identified the +5 longbow "Omithrad" {heavy, Fragile Fly
                  | rC+} (Okawaru gifted it to you on level 10 of the Dungeon)
  8002 | D:10     | Received a gift from Okawaru
  8006 | D:10     | Noticed an eight-headed hydra
  8007 | D:10     | 8007 ||| INVOKING Heroism.
  8011 | D:10     | Killed an eight-headed hydra
  8020 | D:10     | Noticed a wizard
  8022 | D:10     | 8022 ||| Stepping ~*~*~tactically~*~*~ (outnumbered).
  8028 | D:10     | 8028 ||| Stepping ~*~*~tactically~*~*~ (outnumbered).
  8029 | D:10     | Killed a wizard
  8036 | D:10     | Noticed an orc knight
  8037 | D:10     | 8037 ||| FLEEEEING.
  8050 | D:10     | 8050 ||| INVOKING Heroism.
  8090 | D:10     | Noticed Joseph
  8094 | D:10     | Killed Joseph
  8098 | D:10     | 8098 ||| INVOKING Heroism.
  8105 | D:10     | Killed an orc knight
  8465 | D:10     | Reached skill level 9 in Invocations
  8498 | D:10     | You fall into a shaft and drop 3 floors!
  8499 | D:13     | 8499 ||| PLANNING GAUNTLET
  8516 | D:13     | Noticed a skeletal warrior
  8516 | D:13     | Noticed a boulder beetle
  8517 | D:13     | 8517 ||| INVOKING Heroism.
  8518 | D:13     | 8518 ||| INVOKING Finesse.
  8519 | D:13     | 8519 ||| Stepping ~*~*~tactically~*~*~ (outnumbered).
  8527 | D:13     | Reached skill level 15 in Ranged Weapons
  8538 | D:13     | Killed a boulder beetle
  8543 | D:13     | Reached XP level 12. HP: 66/106 MP: 11/18
  8755 | D:13     | Found a gate leading to a gauntlet.
  8756 | D:13     | 8756 ||| DROPPING amulet of magic regeneration.
  8757 | D:13     | 8757 ||| READING scroll labelled XUASEGRYECI.
  8758 | D:13     | 8758 ||| Stepping randomly (stuck).
  8759 | D:13     | 8759 ||| Stepping ~*~*~tactically~*~*~ (cloud).
  8825 | Gauntlet | Entered a Gauntlet
  8825 | Gauntlet | Found a transporter.
  8825 | Gauntlet | Found a transporter.
  8826 | Gauntlet | Found a transporter.
  8828 | Gauntlet | Found a transporter.
  8829 | Gauntlet | Found a transporter.
  8829 | Gauntlet | Found a transporter.
  8837 | Gauntlet | Noticed a death scarab
  8838 | Gauntlet | Noticed a death scarab
  8839 | Gauntlet | Found a transporter.
  8843 | Gauntlet | Found a transporter.
  8853 | Gauntlet | Found a transporter.
  8958 | Gauntlet | Found a transporter.
  8959 | Gauntlet | Found a transporter.
  8970 | Gauntlet | Found a transporter.
  9041 | Gauntlet | 9041 ||| INVOKING Heroism.
  9044 | Gauntlet | Reached skill level 9 in Dodging
  9230 | Gauntlet | 9230 ||| READING scroll labelled KIRCHU FIYTEWOV.
  9238 | Gauntlet | 9238 ||| INVOKING Heroism.
  9244 | Gauntlet | Killed a death scarab
  9248 | Gauntlet | Identified the scarf of Coblodgh {rC+ rF+, rN+ SInv}
                  | (Okawaru gifted it to you in a Gauntlet)
  9248 | Gauntlet | Received a gift from Okawaru
  9259 | Gauntlet | Killed a death scarab
  9276 | Gauntlet | 9276 ||| UPGRADING to scarf of Coblodgh {rC+ rF+, rN+
                  | SInv}.
  9281 | Gauntlet | 9281 ||| UPGRADING to +2 robe of willpower.
  9323 | Gauntlet | Reached skill level 16 in Ranged Weapons
  9332 | Gauntlet | 9332 ||| INVOKING Heroism.
  9434 | Gauntlet | 9434 ||| UPGRADING to +0 pair of boots of flying.
  9439 | Gauntlet | 9439 ||| READING scroll of enchant armour.
  9439 | Gauntlet | 9439 ||| ENCHANTING +0 pair of boots of flying.
  9451 | Gauntlet | Noticed a minotaur
  9452 | Gauntlet | 9452 ||| INVOKING Heroism.
  9453 | Gauntlet | 9453 ||| INVOKING Finesse.
  9457 | Gauntlet | Killed a minotaur
  9503 | Gauntlet | Identified the ring "Wekefaj" {Ice Will+}
  9584 | Gauntlet | 9584 ||| DROPPING ring of ice.
  9585 | Gauntlet | 9585 ||| DROPPING ring "Wekefaj" {Ice Will+}.
  9596 | D:13     | 9596 ||| PLANNING D:1-11
  9601 | D:13     | Noticed a tengu warrior
  9611 | D:13     | 9611 ||| INVOKING Heroism.
  9614 | D:13     | Killed a tengu warrior
  9812 | D:12     | Noticed a centaur warrior
  9813 | D:12     | 9813 ||| Stepping ~*~*~tactically~*~*~ (outnumbered).
  9820 | D:12     | Noticed a two-headed ogre
  9822 | D:12     | Killed a centaur warrior
  9825 | D:12     | 9825 ||| INVOKING Heroism.
  9836 | D:12     | Killed a two-headed ogre
  9837 | D:12     | Reached skill level 17 in Ranged Weapons
  9841 | D:12     | HP: 14/110 [acid dragon/splash of acid (24)]
  9842 | D:12     | 9842 ||| READING 6 scrolls of teleportation.
  9843 | D:12     | 9843 ||| DRINKING 3 potions of heal wounds.
 10045 | D:12     | 10045 ||| READING 5 scrolls of identify.
 10045 | D:12     | 10045 ||| IDENTIFYING sedimented sapphire potion
 10046 | D:12     | 10046 ||| DROPPING potion of berserk rage.
 10047 | D:12     | 10047 ||| Stepping randomly (stuck).
 10048 | D:12     | 10048 ||| Stepping randomly (stuck).
 10049 | D:12     | 10049 ||| Stepping randomly (stuck).
 10050 | D:12     | 10050 ||| Stepping randomly (stuck).
 10051 | D:12     | 10051 ||| Stepping randomly (stuck).
 10052 | D:12     | 10052 ||| Stepping randomly (stuck).
 10053 | D:12     | 10053 ||| Stepping randomly (stuck).
 10054 | D:12     | 10054 ||| Stepping randomly (stuck).
 10055 | D:12     | 10055 ||| Stepping randomly (stuck).
 10056 | D:12     | 10056 ||| Stepping randomly (stuck).
 10057 | D:12     | 10057 ||| Stepping randomly (stuck).
 10058 | D:12     | 10058 ||| Stepping randomly (stuck).
 10059 | D:12     | 10059 ||| Stepping randomly (stuck).
 10060 | D:12     | 10060 ||| Stepping randomly (stuck).
 10061 | D:12     | 10061 ||| Stepping randomly (stuck).
 10062 | D:12     | 10062 ||| Stepping randomly (stuck).
 10063 | D:12     | 10063 ||| Stepping randomly (stuck).
 10064 | D:12     | 10064 ||| Stepping randomly (stuck).
 10065 | D:12     | 10065 ||| Stepping randomly (stuck).
 10066 | D:12     | 10066 ||| Stepping randomly (stuck).
 10067 | D:12     | 10067 ||| Stepping randomly (stuck).
 10068 | D:12     | 10068 ||| Stepping randomly (stuck).
 10069 | D:12     | 10069 ||| Stepping randomly (stuck).
 10070 | D:12     | 10070 ||| Stepping randomly (stuck).
 10071 | D:12     | 10071 ||| Stepping randomly (stuck).
 10072 | D:12     | 10072 ||| Stepping randomly (stuck).
 10073 | D:12     | 10073 ||| Stepping randomly (stuck).
 10074 | D:12     | 10074 ||| Stepping randomly (stuck).
 10075 | D:12     | 10075 ||| Stepping randomly (stuck).
 10076 | D:12     | 10076 ||| Stepping randomly (stuck).
 10077 | D:12     | 10077 ||| Stepping randomly (stuck).
 10078 | D:12     | 10078 ||| Stepping randomly (stuck).
 10079 | D:12     | 10079 ||| Stepping randomly (stuck).
 10080 | D:12     | 10080 ||| Stepping randomly (stuck).
 10081 | D:12     | 10081 ||| Stepping randomly (stuck).
 10082 | D:12     | 10082 ||| Stepping randomly (stuck).
 10083 | D:12     | 10083 ||| Stepping randomly (stuck).
 10084 | D:12     | 10084 ||| Stepping randomly (stuck).
 10085 | D:12     | 10085 ||| Stepping randomly (stuck).
 10086 | D:12     | 10086 ||| Stepping randomly (stuck).
 10087 | D:12     | 10087 ||| Stepping randomly (stuck).
 10088 | D:12     | 10088 ||| Stepping randomly (stuck).
 10089 | D:12     | 10089 ||| Stepping randomly (stuck).
 10090 | D:12     | 10090 ||| Stepping randomly (stuck).
 10091 | D:12     | 10091 ||| Stepping randomly (stuck).
 10092 | D:12     | 10092 ||| Stepping randomly (stuck).
 10093 | D:12     | 10093 ||| Stepping randomly (stuck).
 10094 | D:12     | 10094 ||| Stepping randomly (stuck).
 10095 | D:12     | 10095 ||| Stepping randomly (stuck).
 10096 | D:12     | 10096 ||| Stepping randomly (stuck).
 10097 | D:12     | 10097 ||| Stepping randomly (stuck).
 10098 | D:12     | 10098 ||| READING 5 scrolls of teleportation.
 10103 | D:12     | 10103 ||| READING 4 scrolls of teleportation.
 10107 | D:12     | 10107 ||| READING 3 scrolls of teleportation.
 10111 | D:12     | 10111 ||| READING 2 scrolls of teleportation.
 10135 | D:11     | 10135 ||| Stepping ~*~*~tactically~*~*~ (outnumbered).
 10156 | D:11     | Found a staircase to the Lair.
 10212 | D:11     | Noticed a two-headed ogre
 10216 | D:11     | Killed a two-headed ogre
 10217 | D:11     | Reached XP level 13. HP: 116/116 MP: 19/19
 10295 | D:11     | 10295 ||| INVOKING Heroism.
 10455 | D:10     | 10455 ||| PLANNING LAIR
 10581 | Lair:1   | Entered Level 1 of the Lair of Beasts
 10657 | Lair:1   | Noticed Urug
 10658 | Lair:1   | 10658 ||| INVOKING Heroism.
 10662 | Lair:1   | Killed Urug
 10733 | Lair:1   | 10733 ||| INVOKING Heroism.
 10855 | Lair:1   | 10855 ||| INVOKING Heroism.
 11191 | Lair:1   | Reached skill level 18 in Ranged Weapons
 11278 | Lair:2   | 11278 ||| INVOKING Heroism.
 11431 | Lair:2   | 11431 ||| FLEEEEING.
 11433 | Lair:2   | 11433 ||| INVOKING Heroism.
 11481 | Lair:2   | Reached skill level 12 in Fighting
 11611 | Lair:2   | 11611 ||| INVOKING Heroism.
 11695 | Lair:2   | 11695 ||| INVOKING Heroism.
 11756 | Lair:2   | 11756 ||| INVOKING Heroism.
 11810 | Lair:2   | 11810 ||| INVOKING Heroism.
 11880 | Lair:2   | 11880 ||| DROPPING scarf of harm.
 11881 | Lair:2   | Found a staircase to the Swamp.
 12265 | Lair:2   | 12265 ||| DROPPING ring of wizardry.
 12330 | Lair:3   | Found a large runed translucent door.
 12330 | Lair:3   | Found a large runed translucent door.
 12334 | Lair:3   | Noticed qw's ghost (journeyman MiHu)
 12502 | Lair:3   | 12502 ||| INVOKING Heroism.
 12578 | Lair:3   | Found a staircase to the Snake Pit.
 12581 | Lair:3   | 12581 ||| Stepping ~*~*~tactically~*~*~ (outnumbered).
 12646 | Lair:3   | Reached skill level 12 in Dodging
 12795 | Lair:3   | 12795 ||| INVOKING Heroism.
 12851 | Lair:3   | Reached skill level 3 in Armour
 13241 | Lair:3   | 13241 ||| READING scroll labelled VAUCSEUPYL.
 13374 | Lair:4   | 13374 ||| INVOKING Heroism.
 13423 | Lair:4   | Reached XP level 14. HP: 130/130 MP: 20/20
 13751 | Lair:4   | 13751 ||| DROPPING ring of protection from cold.
 13792 | Lair:5   | Entered Level 5 of the Lair of Beasts
 13799 | Lair:5   | 13799 ||| INVOKING Heroism.
 13826 | Lair:5   | 13826 ||| FLEEEEING.
 13827 | Lair:5   | 13827 ||| FLEEEEING.
 13832 | Lair:5   | 13832 ||| INVOKING Heroism.
 14073 | Lair:5   | 14073 ||| INVOKING Heroism.
 14156 | Lair:5   | 14156 ||| INVOKING Heroism.
 14224 | Lair:5   | Identified the +3 longbow of Arbitration {drain, rC+ Int+3}
                  | (Okawaru gifted it to you on level 5 of the Lair of Beasts)
 14224 | Lair:5   | Received a gift from Okawaru
 14256 | Lair:5   | 14256 ||| SWAPPING to +3 longbow of Arbitration {drain, rC+
                  | Int+3}.
 14368 | Lair:5   | 14368 ||| INVOKING Heroism.
 14369 | Lair:5   | 14369 ||| INVOKING Finesse.
 14386 | Lair:5   | 14386 ||| SWAPPING to +4 arbalest of flaming.
 14392 | Lair:5   | Reached skill level 15 in Fighting
 14392 | Lair:5   | 14392 ||| SWAPPING to +3 longbow of Arbitration {drain, rC+
                  | Int+3}.
 14396 | Lair:5   | HP: 23/135 [yak (13)]
 14397 | Lair:5   | 14397 ||| READING 3 scrolls of teleportation.
 14397 | Lair:5   | HP: 10/135 [yak (13)]
 14398 | Lair:5   | 14398 ||| DRINKING 5 potions of heal wounds.
 14399 | Lair:5   | 14399 ||| DRINKING 4 potions of heal wounds.
 14399 | Lair:5   | Mangled by a komodo dragon

Levels and vault maps discovered:
D:1:      dpeg_arrival_simpleton_c, layout_basic, minmay_pentomino_p4
D:2:      layout_basic
D:3:      layout_loops_ring, nicolae_overflow_hallway_of_the_gods, st_stairs_7,
          uniq_ijyb, uniq_robin, uniq_crazy_yiuf_cottage
D:4:      layout_loops_ring, nicolae_yredelemnul_corpse_copse,
          marbit_many_paths, temple_pool_b, minmay_shop_enchanted_jewellery,
          uniq_natasha
D:5:      layout_basic, st_stairs_5, uniq_pikel, uniq_sigmund
D:6:      layout_rooms, fedhas_altar_1, nicolae_ru_path_of_blood, uniq_duvessa
D:7:      layout_basic, amcnicky_altar_gilded,
          mainiacjoe_overflow_small_starburst, mainiacjoe_overflow_chevrons,
          serial_shops, shop, grunt_ministairs_8
D:8:      layout_basic, nicolae_overflow_crystal_walls,
          nicolae_dithmenos_the_darkroom, st_stairs_10,
          hangedman_decor_diamond_cutter
D:9:      layout_basic, lemuel_tele_altar, mainiacjoe_overflow_alcove_2,
          led_sif_pool, serial_shops,
          nicolae_shop_temple_entry_statues_fountains, minmay_pinched_square,
          uniq_harold
D:10:     cheibrodos_fzero, layout_loops_ring, uniq_joseph
D:11:     layout_irregular_city, minmay_lair_entry_grove,
          hellmonk_guarded_unrand_zhor
D:12:     layout_basic, nicolae_the_louvre
D:13:     kennysheep_bubbly, layout_irregular_city, gauntlet_entry_generic
Lair:1:   layout_chaotic_city, uniq_urug
Lair:2:   layout_chaotic_city, minmay_swamp_entry_eels, serial_bayou_shore_b,
          serial_bayou_shore_a
Lair:3:   layout_chaotic_city, nicolae_snake_entry_warm_welcome,
          ebering_ghost_disaster_area
Lair:4:   layout_cave_shapes, nicolae_lair_lil_pond, infiniplex_staircase_pool_2
Lair:5:   minmay_lair_end_frog_pond, layout_long_grid,
          minmay_slime_entry_pillars, infiniplex_staircase_pool

Skill      XL: |  1  2  3  4  5  6  7  8  9 10 11 12 13 14 |
---------------+-------------------------------------------+-----
Ranged Weapons | 5 6 7 8 9 10 12 14 15 17 18 | 18.8
Fighting       | 3 4 5 7 8 9 10 11 13 15 | 15.0
Armour         | 1 2 3 |  3.0
Dodging        | 3 4 6 7 8 9 12 | 12.0
Invocations    | 4 5 9 10 | 10.0
Stealth        | |  0.7

Action                     |  1- 3 |  4- 6 |  7- 9 | 10-12 | 13-15 || total
---------------------------+-------+-------+-------+-------+-------++-------
   Fire: Shortbow          |   146 |    64 |       |       |       ||   210
         Arbalest          |       |    94 |   212 |   340 |   426 ||  1072
         Longbow           |       |       |       |       |    86 ||    86
 Invoke: Heroism           |       |       |     9 |    17 |    18 ||    44
         Finesse           |       |       |       |     2 |     1 ||     3
    Use: Scroll            |     4 |     6 |     7 |    13 |     2 ||    32
         Potion            |       |     1 |     1 |     1 |     2 ||     5
 Armour: Leather armour    |    12 |     5 |    24 |    13 |       ||    54
         Ring mail         |     6 |    10 |       |       |       ||    16
         Robe              |       |       |       |    13 |    28 ||    41
  Dodge: Dodged            |    39 |    43 |   133 |   237 |   278 ||   730
  Block: Other             |       |       |     7 |    53 |    53 ||   113
         Reflection        |       |       |     2 |     3 |       ||     5

Table legend:
 A = Non-vault XP
 B = Vault XP
 C = Vault XP percentage of total XP
 D = Non-vault monster count
 E = Vault monster count
 F = Vault count percentage of total count
                 A         B        C        D         E       F
            +---------+---------+-------+---------+---------+-------
      Total |   50226 |   31841 |  38.8 |     354 |     145 |  29.1
            +---------+---------+-------+---------+---------+-------
        D:1 |      63 |       9 |  12.5 |      35 |       5 |  12.5
        D:2 |      89 |       0 |   0.0 |      25 |       0 |   0.0
        D:3 |      68 |      74 |  52.1 |      15 |      14 |  48.3
        D:4 |     694 |     147 |  17.5 |      21 |       6 |  22.2
        D:5 |     318 |     986 |  75.6 |      12 |       4 |  25.0
        D:6 |     601 |     214 |  26.3 |      19 |       2 |   9.5
        D:7 |    1115 |      47 |   4.0 |      23 |       2 |   8.0
        D:8 |    2322 |     240 |   9.4 |      31 |       2 |   6.1
        D:9 |    3491 |    4839 |  58.1 |      24 |      16 |  40.0
       D:10 |    1363 |    3663 |  72.9 |      15 |      13 |  46.4
       D:11 |    1555 |    1835 |  54.1 |       4 |      13 |  76.5
       D:12 |    4624 |       0 |   0.0 |      15 |       0 |   0.0
       D:13 |    1458 |    1959 |  57.3 |       3 |       4 |  57.1
     Lair:1 |    4315 |     788 |  15.4 |      20 |       1 |   4.8
     Lair:2 |    8830 |     275 |   3.0 |      37 |       5 |  11.9
     Lair:3 |    6752 |     670 |   9.0 |      21 |       4 |  16.0
     Lair:4 |    4367 |       0 |   0.0 |      15 |       0 |   0.0
     Lair:5 |    8201 |    8025 |  49.5 |      19 |      29 |  60.4
   Gauntlet |       0 |    8070 | 100.0 |       0 |      25 | 100.0
            +---------+---------+-------+---------+---------+-------
